 Dungeon Crawl Stone Soup version 0.24.0-37-gcf1ca852f1 (webtiles) character file.

Game seed: 6205308355657162855, levelgen mode: deterministic

2019 Delamore the Cleaver (level 9, -10/70 HPs)
             Began as a Hill Orc Fighter on Dec 1, 2019.
             Was a Follower of Okawaru.
             Mangled by a cyan ugly thing (16 damage)
             ... on level 12 of the Dungeon.
             The game lasted 00:11:11 (6943 turns).

Delamore the Cleaver (Hill Orc Fighter)             Turns: 6943, Time: 00:11:12

Health: -10/70     AC: 10    Str: 20      XL:     9   Next: 23%
Magic:  7/8        EV:  7    Int:  8      God:    Okawaru [*.....]
Gold:   262        SH: 10    Dex: 14 (16) Spells: 8/8 levels left

rFire    . . .     SeeInvis .   a - +0 war axe
rCold    . . .     Gourm    .   c - +1 shield
rNeg     . . .     Faith    .   b - +0 scale mail
rPois    .         Spirit   .   z - +0 helmet
rElec    .         Reflect  .   y - +0 cloak
rCorr    .         Harm     .   l - +0 pair of gloves
MR       +....                  (no boots)
Stlth    ..........             (no amulet)
HPRegen  0.21/turn              w - +4 ring of dexterity
MPRegen  0.11/turn              (no ring)

@: studying Evocations
A: deterioration 1, low mp 1, magic resistance 1, sense surroundings 1
a: Heroism, Renounce Religion


You were on level 12 of the Dungeon.
You worshipped Okawaru.
Okawaru was aware of your devotion.
You were hungry.

You visited 2 branches of the dungeon, and saw 11 of its levels.

You collected 405 gold pieces.
You spent 143 gold pieces at shops.

Inventory:

Hand Weapons
 a - a +0 war axe (weapon)
Missiles
 t - 34 poisoned darts (quivered)
 v - a throwing net
Armour
 b - a +0 scale mail (worn)
 c - a +1 shield (worn)
 l - a +0 pair of gloves (worn)
 y - a +0 cloak (worn)
 z - a +0 helmet (worn)
Jewellery
 s - an uncursed ring of flight {unknown}
 w - a +4 ring of dexterity (left hand)
Wands
 p - a wand of digging (5)
 A - a wand of iceblast (7)
Scrolls
 g - 7 scrolls of identify
 k - 2 scrolls of teleportation
 n - 3 scrolls of enchant weapon
 q - a scroll of enchant armour
 r - 3 scrolls of immolation
 C - 4 scrolls of remove curse
 F - a scroll of blinking {unknown}
 G - a scroll of magic mapping {unknown}
Potions
 d - 2 potions of might
 e - a potion of heal wounds
 h - a potion of flight {unknown}
 i - 4 potions of curing
 j - 2 potions of cancellation {unknown}
 m - a potion of experience {unknown}
 o - 2 potions of lignification {unknown}
 u - a potion of degeneration {unknown}
 B - 4 potions of ambrosia {unknown}
 E - a potion of resistance {unknown}
Books
 x - a manual of Evocations
Comestibles
 f - 15 rations


   Skills:
 - Level 3.6 Fighting
 + Level 14.7 Axes
 - Level 3.2 Armour
 - Level 3.2 Shields


You had 8 spell levels left.
You didn't know any spells.
Your spell library contained the following spells:

 Spells                   Type           Power        Failure   Level  Hunger
 Sandblast                Erth           #.....       99%         1    ##.....
 Passwall                 Tmut/Erth      #.......     100%        2    ###....
 Stone Arrow              Conj/Erth      #.....       100%        3    ####...
 Petrify                  Tmut/Erth      #.......     100%        4    #####..
 Lee's Rapid Deconstruct  Erth           #.........   100%        5    ######.


Dungeon Overview and Level Annotations

Branches:
Dungeon (12/15)            Temple (1/1) D:6
   Lair: D:8-11         Orc: D:9-12

Altars:
Ashenzari
Cheibriados
Dithmenos
Elyvilon
Fedhas
Gozag
Hepliaklqana
Kikubaaqudgha
Makhleb
Nemelex Xobeh
Okawaru
Qazlal
Ru
Sif Muna
Trog
Vehumet
Wu Jian
Zin

Shops:
D:4 ![*[(

Annotations:
D:11 Urug


Innate Abilities, Weirdness & Mutations

Your body sometimes deteriorates upon taking damage.
Your magical capacity is low. (-10% MP)
You are resistant to hostile enchantments. (MR+)
You passively map a small area around you.


Message History

You slash the cyan ugly thing!
The cyan ugly thing is moderately wounded.
You closely miss the crimson imp. You block the crimson imp's attack.
The cyan ugly thing barely misses you.
You slash the cyan ugly thing!
The cyan ugly thing is heavily wounded.
You miss the crimson imp.
The crimson imp blinks!
You slash the cyan ugly thing!
The cyan ugly thing is heavily wounded.
You block the cyan ugly thing's attack.
The crimson imp blinks!
You barely miss the cyan ugly thing.
The cyan ugly thing is heavily wounded.
The cyan ugly thing tail-slaps you! The cyan ugly thing shocks you!
* * * LOW HITPOINT WARNING * * *
You hit the cyan ugly thing.
The cyan ugly thing is heavily wounded.
The cyan ugly thing tail-slaps you.
* * * LOW HITPOINT WARNING * * *
The cyan ugly thing shocks you!
You die...

, ........#
* ,
.......# ,
......#
.....# ,
,,, ....# ,
, , ,, ,
...###### *
**
#5......# ,
,#u.....ยง#
,
,#@......#
* +.......#
, ,
,#.......#
,, ,,
####+#### ,
,, * , , *
, ,, * , ,


You could see a cyan ugly thing and a crimson imp.

Vanquished Creatures
  A hippogriff (D:7)
  An ice beast (D:6)
  2 orc warriors (D:9)
  A sky beast (D:4)
  A black bear (D:6)
  3 ogres (D:6)
  A centaur (D:7)
  A big kobold (D:9)
  2 scorpions
  A wyvern skeleton (D:6)
  A crimson imp (D:6)
  3 hounds
  2 jellies
  3 orc priests
  Crazy Yiuf (D:3)
  An orc wizard (D:3)
  Terence (D:3)
  3 worker ants
  Natasha (thrice) (D:2)
  A hound zombie (D:5)
  A howler monkey zombie (D:6)
  A worker ant zombie (D:6)
  Robin (D:4)
  4 gnolls (D:3)
  11 adders
  A shadow imp (D:5)
  An ooze (D:3)
  An adder skeleton (D:5)
  An adder zombie (D:6)
  3 worms
  3 dart slugs
  3 leopard geckos
  17 orcs
  6 giant cockroaches
  16 goblins
  10 hobgoblins
  3 jackals (D:6)
  11 kobolds
  3 quokkas
  2 ball pythons
  A ball python skeleton (D:4)
  12 bats
  7 frilled lizards
  A jackal skeleton (D:4)
  6 rats
159 creatures vanquished.

Notes
Turn   | Place    | Note
-------+----------+-------------------------------------------
     0 | D:1      | Delamore the Hill Orc Fighter began the quest for the Orb.
     0 | D:1      | Reached XP level 1. HP: 19/19 MP: 1/1
    24 | D:1      | Reached skill level 3 in Axes
   170 | D:1      | Reached XP level 2. HP: 26/26 MP: 2/2
   210 | D:1      | Reached skill level 4 in Axes
   530 | D:1      | Reached XP level 3. HP: 28/31 MP: 3/3
  1103 | D:2      | Reached skill level 5 in Axes
  1269 | D:2      | Reached XP level 4. HP: 39/39 MP: 4/4
  1319 | D:2      | Noticed Natasha
  1326 | D:2      | Killed Natasha
  1326 | D:2      | Reached skill level 6 in Axes
  1595 | D:2      | Noticed Natasha
  1605 | D:2      | Killed Natasha
  1605 | D:2      | Reached XP level 5. HP: 31/45 MP: 5/5
  2068 | D:2      | Noticed Natasha
  2077 | D:2      | Killed Natasha
  2077 | D:2      | Reached skill level 7 in Axes
  2548 | D:3      | Noticed Terence
  2562 | D:3      | Killed Terence
  2607 | D:2      | Reached skill level 8 in Axes
  2777 | D:3      | Reached XP level 6. HP: 49/51 MP: 6/6
  2995 | D:3      | Found an opulent altar of Gozag.
  3381 | D:3      | Found a runed translucent door.
  3382 | D:3      | Noticed Crazy Yiuf
  3598 | D:3      | Killed Crazy Yiuf
  3598 | D:3      | Reached skill level 9 in Axes
  3639 | D:4      | Gained mutation: Your body sometimes deteriorates upon
                  | taking damage. [potion of mutation]
  3639 | D:4      | Gained mutation: Your magical capacity is low. (-10% MP)
                  | [potion of mutation]
  3639 | D:4      | Gained mutation: You are resistant to hostile enchantments.
                  | (MR+) [potion of mutation]
  3639 | D:4      | Gained mutation: You passively map a small area around you.
                  | [potion of mutation]
  3649 | D:4      | Found Disu Cog's Weapon Shop.
  3698 | D:4      | Found Sikoduaj's Armour Shop.
  3718 | D:4      | Noticed Robin
  3733 | D:4      | Killed Robin
  3835 | D:4      | Found Iresex's General Store.
  3858 | D:4      | Reached XP level 7. HP: 37/57 MP: 6/6
  4048 | D:4      | Reached skill level 10 in Axes
  4343 | D:4      | Found Ovutenu's Armour Emporium.
  4624 | D:4      | Found Pazeetan's Distillery.
  4629 | D:4      | Bought a potion of curing for 33 gold pieces
  4629 | D:4      | Bought a potion of heal wounds for 55 gold pieces
  4629 | D:4      | Bought a potion of berserk rage for 55 gold pieces
  4651 | D:5      | Entered Level 5 of the Dungeon
  4936 | D:5      | Found an ancient bone altar of Kikubaaqudgha.
  5148 | D:5      | Reached skill level 11 in Axes
  5269 | D:6      | Reached XP level 8. HP: 54/64 MP: 7/7
  5378 | D:6      | Reached skill level 12 in Axes
  5895 | D:6      | Found a staircase to the Ecumenical Temple.
  5911 | D:6      | Reached skill level 13 in Axes
  5916 | Temple   | Entered the Ecumenical Temple
  6051 | Temple   | Became a worshipper of Warmaster Okawaru
  6357 | D:7      | Noticed a hippogriff
  6370 | D:7      | Killed a hippogriff
  6370 | D:7      | Reached skill level 14 in Axes
  6370 | D:7      | Reached XP level 9. HP: 39/70 MP: 8/8
  6568 | D:7      | You fall into a shaft and drop 2 floors!
  6582 | D:9      | Reached * piety under Okawaru
  6629 | D:9      | HP: 3/70 [orc warrior/+0 trident (5)]
  6671 | D:9      | You fall into a shaft and drop 2 floors!
  6875 | D:11     | Noticed Urug
  6902 | D:11     | Noticed a troll
  6922 | D:11     | Noticed a cyan ugly thing
  6943 | D:12     | Mangled by a cyan ugly thing

Levels and vault maps discovered:
D:1:      dpeg_arrival_central, layout_basic, hex_large, minmay_hexomino_u4
D:2:      layout_basic, uniq_natasha
D:3:      layout_basic, nicolae_gozag_seed_capital, uniq_crazy_yiuf_cottage,
          uniq_terence
D:4:      layout_basic, first_ration, serial_shops, shop,
          nicolae_shop_waterfront, shop, kennysheep_little_box, shop,
          minmay_manual_mandibuliform, uniq_robin
D:5:      layout_basic, overflow_temple_1_default
D:6:      layout_basic, minmay_temple_entry_junction
D:7:      layout_basic, fedhas_altar_1
D:9:      layout_roguey, david_orc_4, serial_shops, kennysheep_mini_moat,
          chei_slow_surprise
D:11:     layout_gridville, uniq_urug, uniq_maurice
D:12:     layout_gridville, minmay_unpleasant_kobolds
Temple:   nicolae_temple_elliptical

Skill      XL: |  1  2  3  4  5  6  7  8 |
---------------+-------------------------+-----
Axes           | 3 4 5 6 8 9 11 14 | 14.7
Fighting       | |  3.6
Armour         | |  3.2
Shields        | |  3.2

Action                   |  1- 3 |  4- 6 |  7- 9 || total
-------------------------+-------+-------+-------++-------
Melee: War axe           |   106 |   168 |   240 ||   514
  Use: Scroll            |       |     4 |     2 ||     6
       Potion            |       |     1 |     4 ||     5
  Eat: Chunk             |     1 |     9 |     9 ||    19
Armor: Scale mail        |    67 |    88 |    93 ||   248
Dodge: Dodged            |    50 |    54 |    66 ||   170
Block: Shield            |    58 |   102 |   111 ||   271
